 Dungeon Crawl Stone Soup version 0.17-a0-1210-g1e4f09d (webtiles) character file.

14471 RFJesus1egend4r12 the Severer (level 11, -7/82 HPs)
             Began as a Minotaur Berserker on June 4, 2015.
             Was a High Priest of Trog.
             Mangled by a very large slime creature (42 damage)
             ... on level 12 of the Dungeon.
             The game lasted 00:22:00 (11785 turns).

RFJesus1egend4r12 the Severer (Minotaur Berserker) Turns: 11785, Time: 00:22:00

Health: -7/82      AC: 14    Str: 24    XL:     11   Next: 89%
Magic:  10/10      EV: 12    Int:  4    God:    Trog [*****.]
Gold:   262        SH:  0    Dex: 13    Spells: 0 memorised, 10 levels left

rFire  . . .     SeeInvis +     y - +5 hand axe "Ecomuvvowe" {speed, rElec}
rCold  + . .     Clarity  .     B - +0 leather armour "Leanuaff" {Str+2 SInv Stlth+}
rNeg   . . .     SustAt   .     (no shield)
rPois  .         Gourm    .     (helmet restricted)
rElec  +         Spirit   .     J - +2 cloak
rCorr  .         Warding  .     N - +0 pair of gloves
rMut   .         Stasis   .     H - +0 pair of boots
MR     .....                    (no amulet)
Stlth  ++........               A - +6 ring of protection
                                z - ring of protection from cold {rC+}

@: exhausted, about to teleport, slowed, very slow, not resistant to hostile
enchantments, unstealthy
A: retaliatory headbutt, horns 2
a: Burn Spellbooks, Berserk, Trog's Hand, Brothers in Arms, Renounce Religion


You were on level 12 of the Dungeon.
You worshipped Trog.
Trog was extremely pleased with you.
You were hungry.

You visited 1 branch of the dungeon, and saw 12 of its levels.
You also visited: Sewer.

You collected 895 gold pieces.
You spent 633 gold pieces at shops.

Inventory:

Hand weapons
 a - a +0 hand axe
 i - a cursed +3 war axe
   (You took it off a wight on level 11 of the Dungeon)
 k - a +3 hand axe of chopping
   (Trog gifted it to you on level 11 of the Dungeon)
 y - the +5 hand axe "Ecomuvvowe" (weapon) {speed, rElec}
   (You found it on level 4 of the Dungeon)

   Attacks with this weapon are significantly faster.
   It insulates you from electricity.
Missiles
 I - a throwing net {=f, !d}
Armour
 B - the +0 leather armour "Leanuaff" (worn) {Str+2 SInv Stlth+}
   (You found it in a sewer)

   It affects your strength (+2).
   It lets you see invisible.
   It makes you more stealthy.
 H - a +0 pair of boots (worn)
   (You bought it in a shop on level 5 of the Dungeon)
 J - a +2 cloak (worn)
   (You took it off Crazy Yiuf on level 6 of the Dungeon)
 N - a +0 pair of gloves (worn)
   (You found it on level 7 of the Dungeon)
Jewellery
 z - a ring of protection from cold (left hand) {rC+}
   (You found it on level 4 of the Dungeon)
 A - a +6 ring of protection (right hand)
   (You found it on level 6 of the Dungeon)
 D - an uncursed ring of ice {unknown}
   (You found it on level 12 of the Dungeon)
 T - an uncursed amulet of clarity {Clar, !d}
   (You found it on level 10 of the Dungeon)
Magical devices
 j - a wand of disintegration (10)
   (You found it on level 11 of the Dungeon)
 K - a wand of confusion (27)
   (You found it on level 7 of the Dungeon)
 L - a wand of paralysis (1)
   (You found it on level 8 of the Dungeon)
 Q - a wand of cold (14)
   (You found it on level 8 of the Dungeon)
 S - a wand of lightning (1)
   (You found it on level 9 of the Dungeon)
 U - a wand of fire (4)
   (You took it off Psyche on level 9 of the Dungeon)
Scrolls
 h - 4 scrolls of magic mapping {!r}
 l - 2 scrolls of recharging
 m - 2 scrolls of remove curse
 p - 2 scrolls of teleportation
 s - a scroll of fear {unknown}
 t - 4 scrolls of enchant weapon
 C - a scroll of immolation {unknown}
 E - a scroll of identify
 F - a scroll of fog
 Y - a scroll of vulnerability {!r!r}
Potions
 b - 2 potions of lignification {!q}
 d - a potion of cancellation
 e - 3 potions of invisibility
 f - 3 potions of haste
 g - 2 potions of resistance
 o - 2 potions of flight
 q - 2 potions of heal wounds
 u - 2 potions of mutation {!q}
 v - a potion of curing
 G - 2 potions of agility
 P - a potion of magic
 V - 3 potions of might
 X - a potion of ambrosia {!q}
Books
 w - a book of Ice
   (You found it on level 12 of the Dungeon)
Comestibles
 c - 10 bread rations {@e1}
 n - a slice of pizza
 r - 10 meat rations {@e2}
 x - a beef jerky
 M - 5 chunks of flesh {@w0}


   Skills:
 - Level 3.6 Fighting
 * Level 20.8 Axes
 - Level 2.4 Armour
 - Level 2.1 Dodging


You had 10 spell levels left.
You didn't know any spells.

Dungeon Overview and Level Annotations

Branches:
Dungeon (12/15)            Temple (0/1) D:6            Lair (0/8) D:10
    Orc (0/4) D:12

Altars:
Cheibriados
Elyvilon
Fedhas
Makhleb
Okawaru
Ru
Sif Muna
Vehumet
Yredelemnul
Zin
The Shining One

Shops:
D:5 [   D:6 ?%:   D:10 !


Innate Abilities, Weirdness & Mutations

You reflexively headbutt those who attack you in melee.
You have a pair of horns on your head.


Message History

An unseen horror is nearby!
An unseen horror is nearby!
An unseen horror is nearby!
No target in view!
No target in view!
No target in view!
No target in view!
The unseen horror is too close now for your liking.
The helpless unseen horror fails to defend itself.
You slice the unseen horror!! The unseen horror barely misses you.
You hit the unseen horror. Your headbutt misses the unseen horror.
The unseen horror closely misses you.
You slash the unseen horror!
You kill the unseen horror!
Trog accepts your kill.
No target in view!
No target in view!
No target in view!
No target in view!
Eating one of 6 chunks of flesh {@w0}.
You now have 262 gold pieces (gained 14).
You continue eating. x2 3 slime creatures come into view.
The slime creature quivers.
The slime creature moves out of view.
There are monsters nearby!
There are monsters nearby!
There are monsters nearby! 2 slime creatures come into view.
Two slime creatures merge to form a large slime creature.
You barely miss the large slime creature.
Your headbutt misses the large slime creature.
The slime creature quivers. x2
You slash the large slime creature! You headbutt the large slime creature!
You slash the large slime creature! You headbutt the large slime creature!
You barely miss the large slime creature.
You headbutt the large slime creature. You hit the slime creature.
You hit the large slime creature. You headbutt the large slime creature!
You hit the slime creature.
The slime creature quivers.
The large slime creature hits you!!
You take 25 damage, and have 57/82 hp.
MASSIVE DAMAGE!!
Unknown command.
A large slime creature splits.
A slime creature suddenly becomes a large slime creature.
You slash the slime creature!
The slime creature hits you but does no damage.
You slash the slime creature! You headbutt the slime creature!
You slash the slime creature! You headbutt the slime creature.
Two slime creatures merge to form a large slime creature.
You slash the large slime creature!
Your headbutt misses the large slime creature.
You hit the large slime creature. You headbutt the large slime creature.
A red film seems to cover your vision as you go berserk!
You feel yourself moving faster!
You feel mighty!
You feel somewhat more hungry.
You now have 87/123 hp.
You barely miss the large slime creature.
The large slime creature hits you.
Two slime creatures merge to form a very large slime creature.
You take 5 damage, and have 82/123 hp.
You slash the large slime creature! You headbutt the large slime creature!
You slash the large slime creature! You headbutt the large slime creature!
You slash the large slime creature!
You feel the power of Trog in you as your rage grows.
You kill the large slime creature!
Trog accepts your kill.
You completely miss the very large slime creature.
You barely miss the very large slime creature.
The very large slime creature hits you!
You take 15 damage, and have 67/123 hp.
You slash the very large slime creature!
You headbutt the very large slime creature!!
You slice the very large slime creature!!
You headbutt the very large slime creature!
You slash the very large slime creature!
Your headbutt misses the very large slime creature.
You slash the very large slime creature!
You headbutt the very large slime creature!!
The very large slime creature hits you!!!
* * * LOW HITPOINT WARNING * * *
You take 58 damage, and have 10/123 hp.
MASSIVE DAMAGE!!
Unknown command.
You feel a strong urge to attack something.
You feel your anger subside.
You are no longer berserk.
You are exhausted.
You feel yourself slow down.
You are feeling hungry.
You now have 8/82 hp.
Read which item? (? for menu, Esc to quit)
As you read the scroll of teleportation, it crumbles to dust.
You feel strangely unstable.
Drink which item? (? for menu, Esc to quit)
You feel much better.
The very large slime creature hits you!!!
Ouch! That really hurt!
You die...

########## #######
#........# ....?..
#........#
.......####........#
...)...............#
.......####J.......#####
....... ###.@......+....
......J+................
.......##.+........####
......J ###........##
..$.... #.........#
####+## ##+######.##
#..# ##.#
##+#########.##


You could see a very large slime creature.

Vanquished Creatures
  Fannar (D:10)
  A skeletal warrior (D:10)
  2 hill giants (D:11)
  2 unseen horrors
  A manticore (D:11)
  A slime creature (D:12)
  Psyche (D:9)
  4 trolls
  A trapdoor spider zombie (D:11)
  A trapdoor spider (D:11)
  Sigmund (D:5)
  12 yaks
  A shadow (D:11)
  A wraith (D:12)
  2 hungry ghosts
  A wyvern (D:9)
  Eustachio (D:6)
  A wolf (D:10)
  A steam dragon (D:10)
  A hippogriff (D:12)
  A water moccasin (D:7)
  Duvessa (D:5)
  An orc warrior (D:6)
  4 ice beasts
  4 sky beasts
  4 centaurs
  A black bear (D:9)
  A wasp (D:11)
  5 phantoms
  5 ogres
  2 crocodiles
  4 big kobolds
  4 giant frogs
  Dowan (D:5)
  4 scorpions
  5 killer bees (D:11)
  An electric eel (D:10)
  12 wights
  5 crimson imps
  A giant frog zombie (D:10)
  A quasit (D:7)
  2 giant frog skeletons
  3 jellies
  A centaur skeleton (D:10)
  7 orc wizards
  Crazy Yiuf (D:6)
  14 hounds
  2 orc priests
  3 iguanas
  6 worker ants
  A killer bee zombie (D:8)
  7 gnolls
  9 adders
  A river rat (D:4)
  A shadow imp (D:7)
  A worker ant zombie (D:11)
  2 oozes
  2 adder skeletons
  An adder zombie (D:9)
  2 worms (D:3)
  11 giant geckos
  24 orcs
  A bat skeleton (D:7)
  6 giant cockroaches
  16 hobgoblins
  22 jackals
  29 kobolds
  2 quokkas
  24 bats
  6 giant newts
  12 goblins
  14 rats
337 creatures vanquished.

Vanquished Creatures (others)
  A jackal (D:10)
  2 fungi (D:5)
3 creatures vanquished.

Grand Total: 340 creatures vanquished

Notes
Turn   | Place    | Note
--------------------------------------------------------------
     0 | D:1      | RFJesus1egend4r12 the Minotaur Berserker began the quest for the Orb.
     0 | D:1      | Reached XP level 1. HP: 19/19 MP: 0/0
    88 | D:1      | Reached skill level 4 in Axes
   349 | D:1      | Reached XP level 2. HP: 23/26 MP: 1/1
   574 | D:1      | Reached skill level 5 in Axes
   591 | D:1      | Reached XP level 3. HP: 26/31 MP: 2/2
   731 | D:1      | Acquired Trog's second power
  1068 | D:2      | Found a sacrificial altar of Ru.
  1783 | D:3      | Reached skill level 6 in Axes
  1783 | D:3      | Reached XP level 4. HP: 18/39 MP: 3/3
  1971 | D:3      | Reached skill level 7 in Axes
  1971 | D:3      | Reached XP level 5. HP: 45/45 MP: 4/4
  2630 | D:3      | Reached skill level 8 in Axes
  2687 | D:3      | Reached XP level 6. HP: 30/51 MP: 5/5
  2932 | D:4      | Found a basalt altar of Yredelemnul.
  3020 | D:4      | Reached skill level 9 in Axes
  3050 | D:4      | Got a fine hand axe
  3051 | D:4      | Identified the +5 hand axe "Ecomuvvowe" {speed, rElec} (You found it on level 4 of the Dungeon)
  3339 | D:4      | Found a glowing drain.
  3343 | Sewer    | Entered a sewer
  3346 | Sewer    | Acquired Trog's third power
  3378 | Sewer    | Reached XP level 7. HP: 57/57 MP: 6/6
  3403 | Sewer    | Got a translucent leather armour
  3414 | Sewer    | Identified the cursed +0 leather armour "Leanuaff" {Str+2 SInv Stlth+} (You found it in a sewer)
  3634 | D:4      | Reached skill level 10 in Axes
  3750 | D:4      | Found an iron altar of Okawaru.
  3750 | D:4      | Found a glowing golden altar of the Shining One.
  3878 | D:5      | Entered Level 5 of the Dungeon
  4025 | D:5      | Reached skill level 11 in Axes
  4094 | D:5      | Noticed Sigmund
  4103 | D:5      | Killed Sigmund
  4103 | D:5      | Reached XP level 8. HP: 53/64 MP: 7/7
  4366 | D:5      | Noticed Duvessa
  4367 | D:5      | Noticed Dowan
  4380 | D:5      | Killed Duvessa
  4380 | D:5      | Reached skill level 12 in Axes
  4386 | D:5      | Killed Dowan
  4736 | D:5      | Found Wukkup's Antique Armour Shop.
  4745 | D:5      | Bought a pair of boots for 90 gold pieces
  4745 | D:5      | Bought a cloak for 90 gold pieces
  4900 | D:6      | Found a glowing silver altar of Zin.
  4915 | D:6      | Found Kunte's Food Boutique.
  5007 | D:6      | Reached skill level 13 in Axes
  5166 | D:6      | Found Systroph's Book Emporium.
  5294 | D:6      | Found Naradyim's Magic Scroll Emporium.
  5303 | D:6      | Bought a scroll of identify for 26 gold pieces
  5303 | D:6      | Bought a scroll of identify for 26 gold pieces
  5303 | D:6      | Bought a scroll of identify for 26 gold pieces
  5303 | D:6      | Bought a scroll of identify for 26 gold pieces
  5303 | D:6      | Bought a scroll of identify for 26 gold pieces
  5303 | D:6      | Bought a scroll of identify for 26 gold pieces
  5362 | D:6      | Reached XP level 9. HP: 70/70 MP: 8/8
  5473 | D:6      | Noticed Crazy Yiuf
  5481 | D:6      | Killed Crazy Yiuf
  5562 | D:6      | Reached skill level 14 in Axes
  5582 | D:6      | Found a staircase to the Ecumenical Temple.
  5626 | D:6      | Noticed Eustachio
  5637 | D:6      | Killed Eustachio
  6115 | D:7      | Reached skill level 15 in Axes
  6142 | D:7      | Found a white marble altar of Elyvilon.
  6142 | D:7      | Found a blossoming altar of Fedhas.
  6523 | D:8      | Found a burning altar of Makhleb.
  6634 | D:8      | Reached skill level 16 in Axes
  6927 | D:8      | Reached XP level 10. HP: 77/77 MP: 9/9
  7600 | D:9      | Found a deep blue altar of Sif Muna.
  7640 | D:9      | Reached skill level 17 in Axes
  7643 | D:9      | Received a gift from Trog
  8259 | D:9      | Noticed Psyche
  8260 | D:9      | Found a radiant altar of Vehumet.
  8271 | D:9      | Killed Psyche
  8438 | D:10     | Entered Level 10 of the Dungeon
  8438 | D:10     | Found a snail-covered altar of Cheibriados.
  8458 | D:10     | Reached skill level 18 in Axes
  8761 | D:10     | Found Disogoceyx's Distillery.
  8769 | D:10     | Bought a potion of invisibility for 88 gold pieces
  8769 | D:10     | Bought 2 potions of might for 88 gold pieces
  8769 | D:10     | Bought a potion of ambrosia for 88 gold pieces
  8769 | D:10     | Bought a potion of curing for 33 gold pieces
  9155 | D:10     | HP: 16/77 [wolf (4)]
  9160 | D:10     | HP: 15/77 [wolf (1)]
  9413 | D:10     | Noticed Fannar
  9432 | D:10     | Killed Fannar
  9432 | D:10     | Reached XP level 11. HP: 82/82 MP: 10/10
  9538 | D:10     | Found a staircase to the Lair.
  9798 | D:11     | Noticed an unseen horror
  9804 | D:11     | Killed an unseen horror
  9804 | D:11     | Reached skill level 19 in Axes
 10420 | D:11     | Received a gift from Trog
 10798 | D:11     | Noticed a hill giant
 10814 | D:11     | Killed a hill giant
 10830 | D:11     | Noticed a skeletal warrior
 10847 | D:11     | Reached skill level 20 in Axes
 10857 | D:11     | HP: 19/82 [yak (7)]
 11168 | D:11     | Noticed a skeletal warrior
 11169 | D:11     | Noticed a skeletal warrior
 11170 | D:11     | Noticed a skeletal warrior
 11196 | D:10     | Killed a skeletal warrior
 11294 | D:11     | Noticed a hill giant
 11303 | D:11     | Killed a hill giant
 11573 | D:12     | Found a staircase to the Orcish Mines.
 11732 | D:12     | Noticed an unseen horror
 11741 | D:12     | Killed an unseen horror
 11779 | D:12     | HP: 10/123 [very large slime creature (58)]
 11785 | D:12     | Mangled by a very large slime creature

Vault maps used:
D:1:      nagdon_arrival_zigzag_paths
D:2:      lemuel_crystal_altar, minmay_misc_feat_alley, minmay_misc_feat_cross,
          kennysheep_decorative_pillar
D:4:      gammafunk_temple_overflow_wave, kennysheep_mini_moat,
          gup_sewer_entry_spiral
D:5:      nicolae_overflow_hidden_temple, first_bread, serial_shops, shop,
          serial_aquarium, aquarium_bridge_straight, aquarium_window_corridor_3,
          aquarium_window_1, aquarium_window_1, aquarium_window_2,
          aquarium_view_2b, aquarium_view_2c, aquarium_pool_2,
          grunt_ministairs_2, kennysheep_donut, uniq_sigmund, uniq_duvessa
D:6:      overflow_temple_1_default, minmay_temple_entry_glassed_door,
          serial_shops, shop, nicolae_shop_crystal, shop,
          kennysheep_generic_room_8, uniq_eustachio, uniq_crazy_yiuf_cottage
D:7:      wad_pebble_path, gammafunk_temple_overflow_elements
D:8:      old_standard_altar
D:9:      vehumet_crystals, general_overflow_altar, uniq_psyche
D:10:     erik_lair_island, serial_shops, shop, basic_altar, uniq_fannar
D:12:     orc_0_dummy, serial_bayou_crossing
Sewer:    sewer_big_baddie

Action                   |  1- 3 |  4- 6 |  7- 9 | 10-12 || total
-------------------------+-------+-------+-------+-------++-------
Melee: Hand axe          |    80 |   150 |   372 |   443 ||  1045
Invok: Berserk           |       |     1 |     2 |     9 ||    12
       Trog's Hand       |       |     1 |       |       ||     1
Evoke: Wand              |       |       |       |     2 ||     2
  Use: Potion            |       |       |       |     7 ||     7
       Scroll            |       |       |       |    20 ||    20
 Stab: Sleeping          |     1 |       |    14 |    10 ||    25
       Paralysed         |       |       |       |     1 ||     1
  Eat: Chunk             |     1 |     7 |    14 |    21 ||    43
       Beef jerky        |     1 |       |       |       ||     1
       Royal jelly       |       |       |       |     1 ||     1

Vault maps used:
D:1:      nagdon_arrival_zigzag_paths
D:2:      lemuel_crystal_altar, minmay_misc_feat_alley, minmay_misc_feat_cross,
          kennysheep_decorative_pillar
D:4:      gammafunk_temple_overflow_wave, kennysheep_mini_moat,
          gup_sewer_entry_spiral
D:5:      nicolae_overflow_hidden_temple, first_bread, serial_shops, shop,
          serial_aquarium, aquarium_bridge_straight, aquarium_window_corridor_3,
          aquarium_window_1, aquarium_window_1, aquarium_window_2,
          aquarium_view_2b, aquarium_view_2c, aquarium_pool_2,
          grunt_ministairs_2, kennysheep_donut, uniq_sigmund, uniq_duvessa
D:6:      overflow_temple_1_default, minmay_temple_entry_glassed_door,
          serial_shops, shop, nicolae_shop_crystal, shop,
          kennysheep_generic_room_8, uniq_eustachio, uniq_crazy_yiuf_cottage
D:7:      wad_pebble_path, gammafunk_temple_overflow_elements
D:8:      old_standard_altar
D:9:      vehumet_crystals, general_overflow_altar, uniq_psyche
D:10:     erik_lair_island, serial_shops, shop, basic_altar, uniq_fannar
D:12:     orc_0_dummy, serial_bayou_crossing
Sewer:    sewer_big_baddie

Table legend:
 A = Turns spent in this place as a percentage of turns spent in the entire game.
 B = Non-inter-level travel turns spent in this place as a percentage of non-inter-level travel turns spent in the entire game.
 C = Inter-level travel turns spent in this place as a percentage of turns spent in this place.
 D = Turns resting spent in this place as a percentage of non-inter-level travel turns spent in this place.
 E = Turns spent auto-exploring this place as a percentage of non-inter-level travel turns spent in this place.
 F = Non-inter-level travel turns spent in this place divided by the number of levels of this place that you've seen.
                   A       B       C       D       E      F
               +-------+-------+-------+-------+-------+----------------------
         Total | 100.0 | 100.0 |   0.5 |   3.0 |   9.6 | 300.9
       Dungeon |  98.7 |  98.6 |   0.5 |   3.0 |   9.6 | 321.6
         Sewer |   1.3 |   1.4 |   0.0 |   0.0 |  11.3 |  53.0
               +-------+-------+-------+-------+-------+----------------------

Table legend:
 A = Kills in this place as a percentage of kills in entire the game.
 B = Kills by you in this place as a percentage of kills by you in the entire game.
 C = Kills by friends in this place as a percentage of kills by friends in the entire game.
 D = Other kills in this place as a percentage of other kills in the entire game.
 E = Experience gained in this place as a percentage of experience gained in the entire game.
 F = Experience gained in this place divided by the number of levels of this place that you have seen.
                   A       B       C       D       E      F
               +-------+-------+-------+-------+-------+----------------------
         Total | 100.0 | 100.0 |  -nan |  -nan | 100.0 | 1590.3
       Dungeon |  98.2 |  98.2 |  -nan |  -nan |  99.4 | 1713.2
         Sewer |   1.8 |   1.8 |  -nan |  -nan |   0.6 | 115.0
               +-------+-------+-------+-------+-------+----------------------
